 Dungeon Crawl Stone Soup version 0.25-a0-1133-g93ebf739aa (webtiles) character file.

Game seed: 3161125247396927901, levelgen mode: deterministic

126036 Holzbalken the Peltast (level 16, -8/106 HPs)
             Began as a Gargoyle Fighter on Dec 23, 2019.
             Was the Champion of Qazlal.
             Blown up by an orb spider (40 damage)
             ... with an orb of destruction
             ... on level 2 of the Spider Nest on May 22, 2020.
             The game lasted 01:57:19 (23025 turns).

Holzbalken the Peltast (Gargoyle Fighter)          Turns: 23025, Time: 01:57:20

Health: -8/106     AC: 44    Str: 37    XL:     16   Next: 97%
Magic:  19/19      EV:  7    Int: 12    God:    Qazlal [******]
Gold:   2423       SH: 24    Dex:  9    Spells: 15/15 levels left

rFire    + . .     SeeInvis .   n - +6 morningstar "Qoimiokleq" {freeze, MR++ Str+8 Stlth-}
rCold    + . .     Gourm    .   a - +0 kite shield
rNeg     + . .     Faith    .   s - +1 crystal plate armour {rC+}
rPois    ∞         Spirit   .   p - +0 helmet
rElec    +         Reflect  .   y - +1 cloak
rCorr    .         Harm     .   Q - +0 pair of gloves "Ytol" {rPois MR+ Slay+3 Stlth+} (curse)
MR       +++++                  b - +0 pair of boots
Stlth    ..........             i - amulet of Koles {rF+ Regen+ Str+3 Int+2 Slay+2}
HPRegen  0.67/turn              X - +1 ring of protection
MPRegen  0.16/turn              l - ring of protection from magic

@: flying, studying Stealth, repel missiles
A: big wings, negative energy resistance 1, electricity resistance, unbreathing,
petrification resistance, rot immunity, AC +12
a: Stop Flying, Upheaval, Elemental Force, Disaster Area, Renounce Religion


You were on level 2 of the Spider Nest.
You worshipped Qazlal.
Qazlal was exalted by your worship.
You were not hungry.

You visited 4 branches of the dungeon, and saw 25 of its levels.
You also visited: Gauntlet and Ice Cave.

You collected 2423 gold pieces.

Inventory:

Hand Weapons
 n - the +6 morningstar "Qoimiokleq" (weapon) {freeze, MR++ Str+8 Stlth-}
   (You found it on level 4 of the Lair of Beasts)

   It has been specially enchanted to freeze those struck by it, causing extra
   injury to most foes and up to half again as much damage against particularly
   susceptible opponents.
   It can also slow down cold-blooded creatures.
   It affects your strength (+8).
   It affects your resistance to hostile enchantments.
   It makes you less stealthy.
 A - the +6 hunting sling of the Pariah {flame, *Slow MR+ Str+7}
   (You found it on level 5 of the Dungeon)

   It causes projectiles fired from it to burn those they strike, causing extra
   injury to most foes and up to half again as much damage against particularly
   susceptible opponents.
   It affects your strength (+7).
   It affects your resistance to hostile enchantments.
   It may slow you when you take damage.
 H - the +6 flail "Dragon's Regret" {vorpal, *Rage +Rage Int+7 SInv}
   (You found it on level 8 of the Dungeon)

   It inflicts extra damage upon your enemies.
   It affects your intelligence (+7).
   It lets you see invisible.
   It lets you go berserk.
   It may make you go berserk in combat.
 U - the cursed +2 flail "Tucreocko" {vorpal, rF+ Str+3 Int+3}
   (You took it off a minotaur in a Gauntlet)

   It inflicts extra damage upon your enemies.
   It affects your strength (+3).
   It affects your intelligence (+3).
   It protects you from fire.
   It has a curse placed upon it.
Missiles
 F - 5 silver javelins (quivered)
 V - 18 javelins
Armour
 a - a +0 kite shield (worn)
 b - a +0 pair of boots (worn)
   (You found it on level 2 of the Dungeon)
 p - a +0 helmet (worn)
   (You found it on level 3 of the Dungeon)
 s - a +1 crystal plate armour of cold resistance (worn)
   (You found it in an ice cave)
 w - the +4 moon troll leather armour {Spirit, Regen++ MP+5}
   (You found it on level 4 of the Dungeon)

   It affects your magic capacity (+5).
   It increases your rate of regeneration.
 y - a +1 cloak (worn)
   (You found it on level 5 of the Dungeon)
 E - a +0 tower shield
   (You found it on level 10 of the Dungeon)
 Q - the cursed +0 pair of gloves "Ytol" (worn) {rPois MR+ Slay+3 Stlth+}
   (You found it in a Gauntlet)

   It affects your accuracy and damage with ranged weapons and melee attacks
   (+3).
   It protects you from poison.
   It affects your resistance to hostile enchantments.
   It makes you more stealthy.
   It has a curse placed upon it.
Jewellery
 i - the amulet of Koles (around neck) {rF+ Regen+ Str+3 Int+2 Slay+2}
   (You acquired it on level 15 of the Dungeon)

   [amulet of regeneration]

   It affects your strength (+3).
   It affects your intelligence (+2).
   It affects your accuracy and damage with ranged weapons and melee attacks
   (+2).
   It protects you from fire.
   It increases your rate of regeneration.
 l - a ring of protection from magic (right hand)
   (You found it on level 6 of the Dungeon)
 R - the ring "Duimoif" {rC+ rN+}
   (You found it in a Gauntlet)

   [ring of positive energy]

   It protects you from cold.
   It protects you from negative energy.
 X - a +1 ring of protection (left hand)
   (You found it in a Gauntlet)
Wands
 c - a wand of disintegration (31)
   (You found it on level 9 of the Dungeon)
 u - a wand of paralysis (41)
   (You found it on level 7 of the Dungeon)
 v - a wand of digging (6)
   (You took it off Ijyb on level 4 of the Dungeon)
 C - a wand of clouds (3)
   (You found it on level 6 of the Lair of Beasts)
 N - a wand of polymorph (7)
   (You found it on level 14 of the Dungeon)
Scrolls
 f - 14 scrolls of remove curse {@r2}
 m - a scroll of torment {!r}
 q - 2 scrolls of blinking
 z - 11 scrolls of teleportation {@r4}
 B - 3 scrolls of enchant weapon
 D - 3 scrolls of enchant armour
 I - 2 scrolls of immolation {!r}
 L - 3 scrolls of magic mapping
 P - a scroll of vulnerability {!r}
Potions
 d - a potion of might
 g - 3 potions of ambrosia
 h - 2 potions of stabbing {unknown}
 j - 3 potions of mutation {!q}
 k - 4 potions of resistance
 o - 2 potions of cancellation
 r - 9 potions of curing {@q1}
 x - 3 potions of brilliance {unknown}
 G - a potion of berserk rage {unknown}
 J - a potion of haste {@q3}
 K - 2 potions of invisibility
 M - 3 potions of lignification {unknown}
 O - 4 potions of heal wounds {unknown}
Books
 S - a manual of Stealth {!d}
   (You found it on level 5 of the Dungeon)
Comestibles
 e - 56 rations {!d}


   Skills:
 + Level 14.1 Fighting
 - Level 16.0 Maces & Flails
 + Level 14.1 Armour
 * Level 17.8 Shields
 - Level 5.0 Invocations


You had 15 spell levels left.
You didn't know any spells.
Your spell library contained the following spells:

 Spells                   Type           Power        Failure   Level  Hunger
 Animate Skeleton         Necr           N/A          98%         1    ##.....
 Apportation              Tloc           #.....       98%         1    ##.....
 Infusion                 Chrm           #...         98%         1    ##.....
 Magic Dart               Conj           #...         98%         1    ##.....
 Pain                     Necr           #...         98%         1    ##.....
 Summon Small Mammal      Summ           #...         98%         1    ##.....
 Blink                    Tloc           N/A          99%         2    ###....
 Call Imp                 Summ           #.......     99%         2    ###....
 Ensorcelled Hibernation  Hex/Ice        #.....       99%         2    ###....
 Shroud of Golubria       Chrm/Tloc      #.....       99%         2    ###....
 Slow                     Hex            #.......     99%         2    ###....
 Song of Slaying          Chrm           #.......     99%         2    ###....
 Confusing Touch          Hex            #.......     100%        3    ####...
 Conjure Flame            Conj/Fire      #.......     100%        3    ####...
 Mephitic Cloud           Conj/Pois/Air  #.......     100%        3    ####...
 Ozocubu's Armour         Chrm/Ice       #.......     100%        3    ####...
 Spectral Weapon          Hex/Chrm       #.......     100%        3    ####...
 Vampiric Draining        Necr           #.........   100%        3    ####...
 Animate Dead             Necr           N/A          100%        4    #####..
 Cause Fear               Hex            #.........   100%        4    #####..
 Fulminant Prism          Conj/Hex       #.........   100%        4    #####..
 Leda's Liquefaction      Hex/Erth       #.........   100%        4    #####..
 Bolt of Magma            Conj/Fire/Erth #.........   100%        5    ######.
 Borgnjor's Vile Clutch   Necr/Erth      #.........   100%        5    ######.
 Silence                  Hex/Air        #.........   100%        5    ######.
 Yara's Violent Unravell  Hex/Tmut       #.........   100%        5    ######.
 Darkness                 Hex            #.........   100%        6    #######
 Iron Shot                Conj/Erth      #.........   100%        6    #######
 Shadow Creatures         Summ           N/A          100%        6    #######
 Chain Lightning          Conj/Air       #.........   100%        8    #######
 Discord                  Hex            #.........   100%        8    #######
 Lehudib's Crystal Spear  Conj/Erth      #.........   100%        8    #######
 Fire Storm               Conj/Fire      #.........   100%        9    #######
 Glaciate                 Conj/Ice       #.........   100%        9    #######
 Shatter                  Erth           #.........   100%        9    #######
 Statue Form              Tmut/Erth      Unusable     N/A         6    N/A

Dungeon Overview and Level Annotations

Branches:
Dungeon (15/15)            Temple (0/1) D:4            Lair (6/6) D:10
  Swamp (0/4) Lair:2       Spider (2/4) Lair:3        Slime (0/5) Lair:5
    Orc (2/2) D:10            Elf (0/3) Orc:2        Vaults (0/5) D:14
 Depths (0/5) D:15          IceCv (visited)         Gauntlet (visited)

Altars:
Fedhas
Hepliaklqana
Makhleb
Okawaru
Qazlal
Ru
Sif Muna
Trog
Uskayaw
Vehumet
Wu Jian
Yredelemnul
Zin
The Shining One
Beogh

Shops:
Orc:2 (}===


Innate Abilities, Weirdness & Mutations

You are resistant to torment.
Your stone body is resilient. (AC +12)
You are immune to poison.
Your large and strong wings let you fly indefinitely.
You resist negative energy. (rN+)
You are resistant to electric shocks. (rElec)
You can survive without breathing.
You are immune to petrification.
You are immune to rotting.


Message History

The jumping spider is engulfed in freezing vapours.
You block the jumping spider's attack. x2
The jumping spider is struck by lightning.
The jumping spider pounces on you but does no damage.
The jumping spider bites you but does no damage.
The jumping spider is engulfed in blazing flames.
The jumping spider barely misses you.
The jumping spider bites you but does no damage.
The jumping spider is engulfed in freezing vapours.
You block the jumping spider's attack.
The jumping spider completely misses you.
The jumping spider is engulfed in blazing flames.
The jumping spider completely misses you.
You block the jumping spider's attack.
The jumping spider is engulfed in freezing vapours.
The jumping spider pounces on you but does no damage.
The jumping spider bites you but does no damage.
You block the jumping spider's attack. The jumping spider closely misses you.
The orb spider spins a strand of pure energy.
The jumping spider is engulfed in blazing flames.
The jumping spider barely misses you. The jumping spider bites you.
* * * LOW HITPOINT WARNING * * *
You see here a moth of wrath corpse.
The jumping spider is engulfed in freezing vapours.
The jumping spider closely misses you. You block the jumping spider's attack.
The jumping spider is engulfed in blazing flames.
You kill the jumping spider!
Qazlal accepts your kill.
The jumping spider is engulfed in freezing vapours.
You kill the jumping spider!
Qazlal accepts your kill. You block the jumping spider's attack.
The jumping spider bites you but does no damage.
You block the jumping spider's attack. The jumping spider bites you.
* * * LOW HITPOINT WARNING * * *
You block the jumping spider's attack. x2
You barely miss the jumping spider. The jumping spider barely misses you.
You block the jumping spider's attack.
The orb spider weaves a glowing orb of energy.
The jumping spider closely misses you. You block the jumping spider's attack.
An orb of destruction comes into view.
You hit the jumping spider. You freeze the jumping spider.
The jumping spider pounces on you but does no damage.
The jumping spider bites you.
* * * LOW HITPOINT WARNING * * *
You bludgeon the jumping spider!! You freeze the jumping spider.
You kill the jumping spider!
Qazlal accepts your kill. The orb of destruction hits you!!!
You die...

^#...............
.^.....................
.........>......#......
.......#††.............
.......#.†............#
#<††|..#....>....
##†......§....?..
##.#.s°○.§○.....
##....○@^......
#..##.§†☼○.....
##......§.......
#......%........
##.....#.......#
#..............
#.%.............
####^##.........
##^#.........


You could see an orb spider.

Vanquished Creatures
  Jorgrun (Spider:2)
  A reaper (IceCv)
  2 entropy weavers (D:12)
  Nessos (Lair:6)
  A minotaur (Gauntlet)
  2 ettins
  A death ooze (Gauntlet)
  Erolcha (D:10)
  A fire dragon (D:14)
  3 hydras
  A catoblepas (D:15)
  The ghost of Fandomethor the Carver, a journeyman DsGl of Okawaru (Lair:2)
  A queen ant (D:12)
  7 centaur warriors
  3 ogre magi
  16 two-headed ogres
  A death yak (D:8)
  An orc high priest (Orc:2)
  Urug (Lair:3)
  A deep elf knight (D:15)
  Sonja (Lair:4)
  A hell knight (D:15)
  2 deep trolls (Orc:2)
  A wizard (D:15)
  An unseen horror (D:14)
  Pikel (D:5)
  3 orb spiders (Spider:1)
  2 oklob plants
  8 wolf spiders
  An orc knight (Orc:1)
  4 deep elf magi
  8 ugly things
  7 elephants
  2 orc sorcerers (Orc:2)
  4 cyclopes
  A moth of wrath (Spider:2)
  A manticore (D:11)
  2 ice statues (IceCv)
  An apocalypse crab (Gauntlet)
  A gargoyle (D:14)
  A black mamba (Lair:5)
  11 spiny frogs
  A torpor snail (Spider:1)
  A freezing wraith (D:14)
  5 rime drakes
  5 demonic crawlers
  10 komodo dragons
  A yaktaur (D:14)
  11 ice devils (IceCv)
  An efreet (D:13)
  A redback zombie (D:15)
  5 polar bears (Lair:6)
  17 trolls
  3 meliai (Lair:5)
  A jumping spider (shapeshifter) (D:15)
  A queen bee (Lair:5)
  14 jumping spiders
  Grinder (D:4)
  7 hornets
  Prince Ribbit (D:7)
  11 blink frogs
  11 hippogriffs
  4 slime creatures (Gauntlet)
  A blink frog (shapeshifter) (D:15)
  7 dream sheep (Lair:6)
  Sigmund (D:6)
  3 meliai zombies
  25 redbacks
  2 shadows (D:15)
  A water elemental (D:12)
  5 wyverns
  14 spriggans (Lair:6)
  13 tarantellas
  3 basilisks
  51 yaks
  6 vampire mosquitoes
  A chaos spawn (Gauntlet)
  A neqoxec (Gauntlet)
  Menkaure (D:6)
  9 soldier ants (D:12)
  2 wargs (Orc:1)
  An acid dragon (D:12)
  7 porcupines
  14 water moccasins
  27 orc warriors
  A hornet zombie (D:8)
  12 ice beasts
  4 sky beasts
  7 black bears
  4 phantoms
  2 slaves (D:5)
  5 boggarts (Lair:6)
  2 eyes of draining
  27 ogres
  A necrophage (D:11)
  17 centaurs
  20 wolves (Lair:6)
  13 crocodiles
  2 big kobolds
  18 bullfrogs
  A wyvern zombie (D:10)
  8 scorpions
  25 killer bees
  5 wights (D:7)
  3 electric eels
  2 howler monkeys
  5 crimson imps
  2 centaur zombies
  A bullfrog zombie (D:9)
  A quasit (D:12)
  8 jellies
  4 bullfrog skeletons
  8 hounds
  31 orc priests
  30 orc wizards
  3 centaur skeletons
  Ijyb (D:4)
  28 worker ants
  9 iguanas
  A centaur simulacrum (D:8)
  A hound zombie (D:8)
  A hound skeleton (D:10)
  7 gnolls
  A howler monkey skeleton (D:5)
  11 adders
  4 shadow imps
  7 white imps (IceCv)
  A worker ant simulacrum (D:8)
  2 oozes (Lair:5)
  10 ufetubi
  An adder zombie (D:5)
  3 dart slugs
  5 leopard geckos
  110 orcs
  6 giant cockroaches
  10 goblins
  8 hobgoblins
  9 jackals
  12 kobolds
  9 quokkas
  4 ball pythons
  14 bats
  4 frilled lizards
  6 rats
  A butterfly (Lair:4)
  2 demonic plants (Gauntlet)
  A fungus (Lair:6)
  2 plants
981 creatures vanquished.

Vanquished Creatures (collateral kills)
  2 two-headed ogres (Orc:2)
  An ogre (Orc:2)
3 creatures vanquished.

Vanquished Creatures (others)
  A redback (Spider:2)
  An ice beast (D:5)
  A howler monkey skeleton (D:5)
  3 white imps (IceCv)
  An ufetubus (IceCv)
  An orc (D:4)
  17 fungi
  19 plants
  14 withered plants (Gauntlet)
58 creatures vanquished.

Grand Total: 1042 creatures vanquished

Notes
Turn   | Place    | Note
-------+----------+-------------------------------------------
     0 | D:1      | Holzbalken the Gargoyle Fighter began the quest for the
                  | Orb.
     0 | D:1      | Reached XP level 1. HP: 14/14 MP: 1/1
   256 | D:1      | Reached XP level 2. HP: 17/19 MP: 2/2
   539 | D:2      | Found a hazy altar of Hepliaklqana.
   563 | D:2      | Found a blossoming altar of Fedhas.
   578 | D:2      | Found a stormy altar of Qazlal.
   586 | D:2      | Became a worshipper of Qazlal Stormbringer
   610 | D:2      | Found a hide-covered altar of Uskayaw.
   629 | D:2      | Found a sacrificial altar of Ru.
   651 | D:2      | Found a basalt altar of Yredelemnul.
   662 | D:2      | Reached XP level 3. HP: 19/23 MP: 3/3
  1012 | D:2      | Reached XP level 4. HP: 28/28 MP: 4/4
  1331 | D:3      | Reached * piety under Qazlal
  1353 | D:3      | Reached skill level 5 in Maces & Flails
  1353 | D:3      | Reached XP level 5. HP: 16/32 MP: 5/5
  1982 | D:4      | Noticed an ogre
  1983 | D:4      | Noticed Grinder
  2009 | D:3      | Reached XP level 6. HP: 37/37 MP: 6/6
  2029 | D:4      | Found a radiant altar of Vehumet.
  2054 | D:4      | Noticed Ijyb
  2067 | D:4      | Noticed a phantom
  2084 | D:4      | Killed Ijyb
  2145 | D:4      | Killed a phantom
  2334 | D:4      | Reached ** piety under Qazlal
  2462 | D:4      | Reached XP level 7. HP: 35/41 MP: 7/7
  2808 | D:4      | Paralysed by Grinder for 2 turns
  2813 | D:4      | Killed Grinder
  2833 | D:4      | Found a staircase to the Ecumenical Temple.
  2898 | D:4      | Found the +4 moon troll leather armour {Spirit, Regen++
                  | MP+5}
  2974 | D:4      | Reached XP level 8. HP: 46/46 MP: 8/8
  3145 | D:4      | Found a bloodstained altar of Trog.
  3167 | D:4      | Found a burning altar of Makhleb.
  3313 | D:5      | Entered Level 5 of the Dungeon
  3365 | D:5      | Reached skill level 10 in Maces & Flails
  3713 | D:5      | Noticed Pikel
  3747 | D:5      | Killed Pikel
  3747 | D:5      | Reached XP level 9. HP: 26/51 MP: 7/9
  3861 | D:5      | Got a transparent hunting sling
  4214 | D:5      | Found a shimmering blue altar of Sif Muna.
  4307 | D:6      | Identified the +6 hunting sling of the Pariah {flame, *Slow
                  | MR+ Str+7} (You found it on level 5 of the Dungeon)
  4434 | D:6      | Noticed Sigmund
  4465 | D:6      | Killed Sigmund
  4506 | D:6      | Found an iron altar of Okawaru.
  4559 | D:6      | Noticed Menkaure
  4566 | D:6      | Killed Menkaure
  4577 | D:6      | Reached *** piety under Qazlal
  4823 | D:6      | Noticed a two-headed ogre
  4873 | D:6      | Killed a two-headed ogre
  4873 | D:6      | Reached XP level 10. HP: 52/56 MP: 10/10
  5169 | D:7      | Reached skill level 1 in Invocations
  5174 | D:7      | Noticed Prince Ribbit
  5608 | D:7      | Got a fine leather armour
  5700 | D:7      | Got a silken robe
  5809 | D:7      | Killed Prince Ribbit
  5809 | D:7      | Reached skill level 4 in Shields
  6166 | D:8      | Reached **** piety under Qazlal
  6212 | D:8      | Got a shimmering flail
  6236 | D:8      | Identified the +6 flail "Dragon's Regret" {crush, *Rage
                  | +Rage Int+7 SInv} (You found it on level 8 of the Dungeon)
  6291 | D:8      | Found an ornate altar of the Wu Jian Council.
  6295 | D:8      | Noticed a death yak
  6310 | D:8      | Killed a death yak
  6321 | D:8      | Reached skill level 5 in Fighting
  6321 | D:8      | Reached skill level 5 in Armour
  6321 | D:8      | Reached skill level 5 in Shields
  6339 | D:8      | Reached XP level 11. HP: 55/64 MP: 11/13
  6432 | D:8      | Found a glowing silver altar of Zin.
  6515 | D:8      | Found a glowing golden altar of the Shining One.
  6943 | D:9      | Reached ***** piety under Qazlal
  6989 | D:9      | Reached skill level 6 in Shields
  7001 | D:9      | Reached skill level 5 in Invocations
  7179 | D:9      | Noticed a two-headed ogre
  7184 | D:9      | Killed a two-headed ogre
  7594 | D:10     | Entered Level 10 of the Dungeon
  7616 | D:10     | Got a heavily runed ring mail
  7643 | D:10     | Found a staircase to the Orcish Mines.
  7649 | D:10     | Found a roughly hewn altar of Beogh.
  7780 | D:10     | Identified the +4 hand crossbow of Dimpev {penet, rPois
                  | Int+3}
  7780 | D:10     | Noticed an orc knight
  7781 | D:10     | Noticed a deep elf mage
  7783 | D:10     | Noticed a centaur warrior
  7784 | D:10     | Noticed a red ugly thing
  7784 | D:10     | Noticed a centaur warrior
  7785 | D:10     | Noticed a skeletal warrior
  7814 | D:10     | Noticed Erolcha
  7825 | D:10     | Killed Erolcha
  7825 | D:10     | Reached skill level 7 in Shields
  8178 | D:10     | Found a staircase to the Lair.
  8337 | Lair:1   | Entered Level 1 of the Lair of Beasts
  8344 | Lair:1   | Reached XP level 12. HP: 73/73 MP: 15/15
  8349 | Lair:1   | Reached skill level 8 in Shields
  8625 | Lair:1   | Reached skill level 9 in Shields
  9167 | Lair:1   | Identified the +1 leather armour "Koklas" {Stlth+} (You
                  | found it on level 7 of the Dungeon)
  9169 | Lair:1   | Identified the +2 ring mail of the Dungeon {MP+9 Str+2}
                  | (You found it on level 10 of the Dungeon)
  9197 | Lair:2   | Noticed an eight-headed hydra
  9206 | Lair:2   | Killed an eight-headed hydra
  9344 | Lair:2   | Found a staircase to the Swamp.
  9417 | Lair:2   | Identified the +1 robe of the Trombone {rF+++ MP+9 Str-3
                  | Stlth+} (You found it on level 7 of the Dungeon)
  9516 | Lair:2   | Found a runed translucent gate.
  9516 | Lair:2   | Found a runed translucent gate.
  9517 | Lair:2   | Found a runed translucent gate.
  9527 | Lair:2   | Noticed Fandomethor's ghost (journeyman DsGl)
  9573 | Lair:2   | Killed Fandomethor's ghost
  9573 | Lair:2   | Reached skill level 10 in Shields
  9985 | Lair:3   | Found a hole to the Spider Nest.
 10272 | Lair:3   | Reached skill level 11 in Shields
 10298 | Lair:3   | Identified a scroll of acquirement
 10531 | Lair:3   | Reached XP level 13. HP: 82/82 MP: 16/16
 10581 | Lair:3   | Noticed Urug
 10604 | Lair:3   | Killed Urug
 10814 | Lair:4   | Reached skill level 10 in Fighting
 10814 | Lair:4   | Reached skill level 10 in Armour
 10821 | Lair:4   | Reached ****** piety under Qazlal
 10906 | Lair:4   | Got an ebony morningstar
 10985 | Lair:4   | Noticed Sonja
 10992 | Lair:4   | Killed Sonja
 10992 | Lair:4   | Reached skill level 12 in Shields
 11491 | Lair:5   | Found a staircase to the Slime Pits.
 11906 | Lair:5   | Identified the +6 morningstar "Qoimiokleq" {freeze, MR++
                  | Str+8 Stlth-} (You found it on level 4 of the Lair of
                  | Beasts)
 12162 | Lair:6   | Entered Level 6 of the Lair of Beasts
 12305 | Lair:6   | Found a frozen archway.
 12341 | IceCv    | Entered an ice cave
 12409 | IceCv    | Reached skill level 13 in Shields
 12509 | IceCv    | Gained mutation: Your large and strong wings let you fly
                  | indefinitely. [Gargoyle growth]
 12509 | IceCv    | Reached XP level 14. HP: 57/90 MP: 17/17
 12634 | IceCv    | Noticed a reaper
 12658 | IceCv    | Killed a reaper
 12952 | Lair:6   | Noticed Nessos
 12996 | Lair:6   | Killed Nessos
 13453 | Lair:6   | Reached skill level 15 in Maces & Flails
 13990 | Lair:6   | Upgraded the game from 0.25-a0-310-g60f0ac2d9a to
                  | 0.25-a0-317-g5f8687bca5
 14181 | Orc:1    | Entered Level 1 of the Orcish Mines
 14339 | Orc:1    | Reached skill level 14 in Shields
 14750 | Orc:1    | You are sucked into a shaft and drop 1 floor!
 14750 | Orc:2    | Entered Level 2 of the Orcish Mines
 15160 | Orc:2    | Found a staircase to the Elven Halls.
 15573 | Orc:2    | Found a roughly hewn altar of Beogh.
 15642 | Orc:2    | Found a bloodstained altar of Trog.
 16068 | Orc:2    | Reached XP level 15. HP: 96/96 MP: 18/18
 16501 | Orc:2    | Found Suykloff's Antique Weapon Boutique.
 16506 | Orc:2    | Found Vikheq's Jewellery Shop.
 16545 | Orc:2    | Found Yroe's Gadget Shoppe.
 16550 | Orc:2    | Found Reravyme's Jewellery Shop.
 16552 | Orc:2    | Found Acsaatol's Jewellery Boutique.
 16988 | D:11     | Found a gate leading to a gauntlet.
 17045 | Gauntlet | Entered a Gauntlet
 17045 | Gauntlet | Found a transporter.
 17045 | Gauntlet | Found a transporter.
 17046 | Gauntlet | Found a transporter.
 17046 | Gauntlet | Found a transporter.
 17049 | Gauntlet | Found a transporter.
 17049 | Gauntlet | Found a transporter.
 17059 | Gauntlet | Found a transporter.
 17063 | Gauntlet | Found a transporter.
 17073 | Gauntlet | Found a transporter.
 17084 | Gauntlet | Found a transporter.
 17101 | Gauntlet | Found a transporter.
 17105 | Gauntlet | Found a transporter.
 17286 | Gauntlet | Got an ancient glass ring
 17288 | Gauntlet | Identified the ring "Duimoif" {rC+ rN+} (You found it in a
                  | Gauntlet)
 17433 | Gauntlet | Got a pair of smoking gloves
 17449 | Gauntlet | Identified the cursed +0 pair of gloves "Ytol" {rPois MR+
                  | Slay+3 Stlth+} (You found it in a Gauntlet)
 17516 | Gauntlet | Identified the cursed +2 flail "Tucreocko" {crush, rF+
                  | Str+3 Int+3}
 17528 | Gauntlet | Reached skill level 15 in Shields
 17567 | Gauntlet | Identified the Compendium of Bewitching Summoning
 17568 | Gauntlet | Got a distressingly furry plate armour
 18752 | D:12     | Identified the +2 plate armour "Tank" {+Inv MR+ Str+2} (You
                  | found it in a Gauntlet)
 20155 | D:14     | Reached skill level 16 in Shields
 20244 | D:14     | Reached XP level 16. HP: 80/104 MP: 19/19
 20373 | D:14     | Found a gate to the Vaults.
 20830 | D:14     | Got a pair of encrusted gloves
 20831 | D:14     | Identified the cursed +0 pair of gloves of the Morning Star
                  | {MR- Regen+ Int+4 Dex+3} (You found it on level 14 of the
                  | Dungeon)
 20903 | D:15     | Entered Level 15 of the Dungeon
 21324 | D:15     | Reached skill level 17 in Shields
 21366 | D:15     | Found a staircase to the Depths.
 21701 | D:15     | Got a faintly glowing ivory amulet
 21702 | D:15     | Identified the amulet of Koles {rF+ Regen+ Str+3 Int+2
                  | Slay+2} (You acquired it on level 15 of the Dungeon)
 21716 | D:15     | Upgraded the game from 0.25-a0-317-g5f8687bca5 to
                  | 0.25-a0-1133-g93ebf739aa
 21884 | Spider:1 | Entered Level 1 of the Spider Nest
 22984 | Spider:2 | Noticed Jorgrun
 23004 | Spider:2 | Killed Jorgrun
 23025 | Spider:2 | Blown up by an orb spider

Illustrated notes

Levels and vault maps discovered:
D:1:      dpeg_arrival_tiny_c, layout_loops_ring
D:2:      layout_rooms, overflow_temple_1_default,
          nicolae_overflow_crystal_walls, nicolae_overflow_quartered_altars,
          minmay_tiny_reverse_x
D:3:      layout_rooms, minivault_27, minmay_shallow_snake_nest
D:4:      layout_loops_ring, nicolae_overflow_hidden_temple, bloody_makhleb,
          minmay_temple_entry_tees, skrybe_limestone_x, bloody_trog,
          uniq_grinder, uniq_ijyb
D:5:      layout_loops_corners, lemuel_blue_sif_altar, first_ration,
          minmay_manual_moon, uniq_pikel
D:6:      layout_loops_corners, lemuel_coloured_pillars_altar, uniq_menkaure,
          uniq_sigmund
D:7:      layout_basic, uniq_prince_ribbit1
D:8:      layout_rooms, kennysheep_little_box, zin_academy,
          lemuel_crystal_altar, serial_ice, serial_ice_m, serial_ice_o,
          serial_ice_a, serial_ice_j, serial_ice_e, serial_ice_d,
          corexii_corridor_pit
D:9:      kennysheep_six_static_rooms, layout_irregular_city
D:10:     layout_irregular_city, lair_entry_dummy,
          minmay_orc_entry_temple_small, grunt_ogre_cave, minivault_12,
          uniq_erolcha
D:11:     layout_roguey [special_room_orc], gauntlet_entry_generic
D:12:     layout_basic, minivault_14, minmay_another_anthill
D:13:     layout_loops_corners
D:14:     kennysheep_cluttered_fort, layout_long_grid, david_vaults_2,
          minmay_misc_feat_nine_boxes, minmay_liquid_box
D:15:     hangedman_depths_entry_civil_slaughter, layout_cross,
          hangedman_decor_points
Lair:1:   layout_cave_pods
Lair:2:   layout_gridlike, minmay_swamp_entry_reptiles, gammafunk_ghost_split
Lair:3:   layout_concentric_octagons, spider_nest_entry_webs,
          minmay_lair_oklob_chamber, lemuel_fruit_tree, uniq_urug
Lair:4:   layout_hall_layers, lemuel_fruit_fields, uniq_sonja
Lair:5:   layout_cave_shapes, nicolae_slime_entry_slimehenge, special_room
          [special_room_bee], serial_bayou_shore_b
Lair:6:   minmay_lair_end_enchanted_forest, layout_regular_city,
          portal_ice_cave_rime, uniq_nessos
Spider:1: layout_spider_delve, guppyfry_hornet_nest
Spider:2: layout_spider_delve, nicolae_spider_circle_web,
          nicolae_spider_cling_ruins, uniq_jorgrun
Orc:1:    layout_diamond_mine, roderic_batcave, statue_in_the_mist_lemuel,
          nicolae_orc_flooded_monolith
Orc:2:    st_orc_open, layout_caves, basic_altar, serial_shops, shop_fountains,
          minmay_orc_temple_b

Skill      XL: |  1  2  3  4  5  6  7  8  9 10 11 12 13 14 15 16 |
---------------+-------------------------------------------------+-----
Maces & Flails | 3 4 5 6 7 9 11 13 14 15 16 | 16.0
Invocations    | 3 5 |  5.0
Fighting       | 5 8 9 11 13 14 | 14.1
Armour         | 5 7 9 11 12 14 | 14.1
Shields        | 5 7 11 13 14 16 17 | 17.8

Action                   |  1- 3 |  4- 6 |  7- 9 | 10-12 | 13-15 | 16-18 || total
-------------------------+-------+-------+-------+-------+-------+-------++-------
Melee: Flail             |   101 |   208 |   285 |   698 |   246 |       ||  1538
       Morningstar       |       |       |       |       |  1165 |   331 ||  1496
Throw: Throwing net      |       |       |       |     1 |       |       ||     1
Invok: Disaster Area     |       |       |       |       |     3 |       ||     3
       Upheaval          |       |       |       |       |    12 |       ||    12
       Elemental Force   |       |       |       |       |     1 |       ||     1
 Abil: Fly               |       |       |       |       |     1 |       ||     1
  Use: Scroll            |       |       |    11 |    14 |     4 |     3 ||    32
       Potion            |       |       |       |       |     2 |       ||     2
  Eat: Chunk             |       |     6 |     4 |    19 |    19 |     5 ||    53
       Ration            |       |       |     1 |       |     4 |     2 ||     7
Armor: Scale mail        |    64 |   144 |    88 |       |       |       ||   296
       Troll leather arm |       |       |   143 |   228 |   140 |       ||   511
       Crystal plate arm |       |       |       |       |   438 |   239 ||   677
Dodge: Dodged            |    31 |    76 |    83 |   126 |   260 |    83 ||   659
       Repelled          |       |       |       |     3 |    19 |     8 ||    30
Block: Kite shield       |    69 |   141 |   203 |   481 |  1518 |   508 ||  2920

Table legend:
 A = Non-vault XP
 B = Vault XP
 C = Vault XP percentage of total XP
 D = Non-vault monster count
 E = Vault monster count
 F = Vault count percentage of total count
                 A         B        C        D         E       F
            +---------+---------+-------+---------+---------+-------
      Total |  111887 |   68165 |  37.9 |     674 |     302 |  30.9
            +---------+---------+-------+---------+---------+-------
        D:1 |      20 |       0 |   0.0 |      13 |       0 |   0.0
        D:2 |     104 |       3 |   2.8 |      17 |       2 |  10.5
        D:3 |     180 |      17 |   8.6 |      29 |       4 |  12.1
        D:4 |     673 |     322 |  32.4 |      25 |       2 |   7.4
        D:5 |     710 |     799 |  52.9 |      12 |       4 |  25.0
        D:6 |    1951 |     411 |  17.4 |      27 |       2 |   6.9
        D:7 |    1111 |     277 |  20.0 |      21 |       1 |   4.5
        D:8 |    1261 |    1793 |  58.7 |      25 |      11 |  30.6
        D:9 |    4049 |     336 |   7.7 |      43 |       5 |  10.4
       D:10 |    2685 |    1352 |  33.5 |      22 |      11 |  33.3
       D:11 |    3815 |    1182 |  23.7 |      33 |      25 |  43.1
       D:12 |    5281 |    5636 |  51.6 |      44 |      31 |  41.3
       D:13 |    8118 |       0 |   0.0 |      38 |       0 |   0.0
       D:14 |    9112 |    3091 |  25.3 |      17 |       4 |  19.0
       D:15 |   13988 |    4722 |  25.2 |      39 |       6 |  13.3
     Lair:1 |    5096 |       0 |   0.0 |      23 |       0 |   0.0
     Lair:2 |     797 |    2715 |  77.3 |       6 |       8 |  57.1
     Lair:3 |    4630 |    1882 |  28.9 |      16 |       4 |  20.0
     Lair:4 |    5351 |     814 |  13.2 |      24 |       1 |   4.0
     Lair:5 |    2836 |    2313 |  44.9 |      11 |      25 |  69.4
     Lair:6 |    9870 |   12077 |  55.0 |      37 |      55 |  59.8
   Spider:1 |   11240 |    1116 |   9.0 |      35 |       4 |  10.3
   Spider:2 |    9867 |    3242 |  24.7 |      33 |       1 |   2.9
      Orc:1 |    3450 |     317 |   8.4 |      51 |       8 |  13.6
      Orc:2 |    4656 |   15466 |  76.9 |      29 |      54 |  65.1
      IceCv |       0 |    5188 | 100.0 |       0 |      29 | 100.0
   Gauntlet |    1036 |    3094 |  74.9 |       4 |       5 |  55.6
            +---------+---------+-------+---------+---------+-------
